[Event "Romanian Rapid Open 2022"]
[Site "Sebes"]
[Date "2022.12.02"]
[Round "6.1"]
[White "Ileana, George"]
[Black "Miron, Lucian-Costin"]
[Result "0-1"]
[ECO "C84"]
[WhiteElo "2343"]
[BlackElo "2510"]
[Annotator "TA"]
[PlyCount "86"]
[EventDate "2022.12.02"]
[EventType "rapid"]
[EventCountry "ROU"]
[SourceTitle "playchess.com"]
[Source "ChessBase"]
[SourceQuality "1"]
[TimeControl "600+5"]

1. e4 e5 2. Nf3 Nc6 3. Bb5 a6 4. Ba4 Nf6 5. d3 d6 6. c3 Be7 7. O-O O-O 8. Re1 {[%emt 0:00:02] The main line 8.Re1 scores better than 8.Nbd2.} b5 9. Bc2 Nb8 {[%emt 0:00:05] C84: Closed Ruy Lopez: Unusual White 6th moves.} 10. Nbd2 Nbd7 11. Nf1 Bb7 {[%emt 0:00:01] White has an edge.} 12. Ng3 g6 13. d4 Re8 14. a4 Bf8 15. d5 c6 16. dxc6 Bxc6 17. h3 Nc5 18. a5 Qc7 {[%emt 0:01:14] [#]} 19. Bg5 $146 {[%emt 0:00:11] Inhibits d5.} ({Predecessor:} 19. b4 Ne6 20. Be3 Qb7 21. Ng5 Nd8 22. Bb6 h6 23. Nf3 {0-1 (31) Jimenez Hernandez,C (2320)-Gomez Ledo,R (2446) Dos Hermanas 2021}) 19... Bg7 20. Qd2 Rad8 21. b4 Ne6 22. Be3 Qb7 {[%emt 0:00:09] Threatens to win with ...d5.} 23. Bb6 {[%emt 0:00:08] Against d5} Rd7 24. Rad1 Nf4 25. Nd4 $2 {[%emt 0:02:13] This move loses the game for White.} Bh6 $19 26. Kh2 (26. Kh1 {was the only chance.} exd4 27. Bxd4) 26... exd4 27. Bxd4 {[%emt 0:00:02] [#]} Nxh3 $1 28. Qe2 (28. Qd3 Nf4) 28... Nf4 29. Qf3 {[%emt 0:01:01] [#]} Re5 $1 30. Bxe5 (30. Kg1 Bg5) 30... dxe5 31. Rxd7 Bxd7 32. Qd1 Qc7 {[%emt 0:00:14] Against Qd6} 33. Qa1 Ng4+ 34. Kg1 Qa7 35. Rf1 Be6 36. Bd1 {[%emt 0:00:16] [#]} Nxf2 $1 {[%emt 0:00:48][%mdl 512] ( -> ...Ng4+)} 37. Kh2 (37. Nf5 Nxe4+) 37... Ng4+ (37... N4d3 $142 38. Nh1 Bf4+ 39. g3 {[#]} Qe3 $1) 38. Bxg4 Bxg4 39. Qb1 Qe3 {[%emt 0:00:14] ...Qd2 is the strong threat.} 40. c4 Ne2 {[%emt 0:00:47] Black mates.} 41. Nxe2 Bxe2 42. Re1 Bf4+ 43. Kh1 {[%emt 0:00:02] [#]} Qg3 $1 {[%emt 0:00:01] Weighted Error Value: White=1.06/Black=0.62} 0-1

[Event "Romanian Rapid Open 2022"]
[Site "Sebes"]
[Date "2022.12.02"]
[Round "6.2"]
[White "Dragomirescu, Robin-Alexandru"]
[Black "Gavrilescu, David"]
[Result "0-1"]
[ECO "A01"]
[WhiteElo "2337"]
[BlackElo "2523"]
[Annotator "TA"]
[PlyCount "100"]
[EventDate "2022.12.02"]
[EventType "rapid"]
[EventCountry "ROU"]
[SourceTitle "playchess.com"]
[Source "ChessBase"]
[SourceQuality "1"]
[TimeControl "600+5"]

1. b3 e5 2. Bb2 Nc6 3. e3 f6 4. c4 d5 5. cxd5 Qxd5 6. Nc3 {[%emt 0:00:07] A01: Nimzowitsch-Larsen Opening.} Qf7 7. Nf3 {[%emt 0:01:09] [#]} Bf5 $146 ({Better is} 7... Be6 $11) ({Predecessor:} 7... Be6 8. d4 O-O-O 9. Be2 g5 10. h3 h5 11. Rc1 Nh6 12. Nb5 g4 13. Nd2 Bb4 14. hxg4 hxg4 15. Bf1 Kb8 16. Bc4 a6 17. Na3 exd4 18. exd4 Nxd4 {0-1 (18) Molano Lafuente,I (2013)-Plazuelo Pascual,J (2462) Barcelona 2021}) 8. d4 {[%emt 0:01:26] White is slightly better.} exd4 9. Nxd4 (9. Bc4 $1 $14 Qg6 10. Nh4 (10. Nxd4 O-O-O $11)) 9... O-O-O $1 $11 {[%emt 0:01:15] Black wants to play ...Nxd4.} 10. Bc4 Qg6 {[%emt 0:00:07] White must now prevent ...Nxd4.} 11. Nxc6 (11. O-O $11) 11... Rxd1+ $19 12. Rxd1 Bd6 (12... Be7 $1 $19 13. Nxe7+ Nxe7) 13. Nxa7+ $17 Kb8 14. Nab5 Ne7 (14... Qxg2 15. Bd5 Qg6 16. Nxd6 cxd6 17. Ba3 $14) (14... Be7 $1 $17 {...c6 is the strong threat.} 15. Kf1 Nh6) 15. Nxd6 $11 cxd6 16. Ba3 Qxg2 17. Bxd6+ Ka8 18. Rf1 Nc8 19. Bg3 {[%emt 0:00:52] A strong pair of Bishops.} Nb6 {[%emt 0:00:03] Against Rd5} 20. Bd5 (20. Be2 $11) 20... Qh3 (20... Nxd5 $15 21. Rxd5 b6 22. Rxf5 Rc8) 21. Rd4 (21. Bf3 $11) 21... Rc8 $17 {[%emt 0:00:30][%mdl 1024] Black has strong compensation.} 22. Ne2 ({Avoid the trap} 22. Rh4 $2 Rxc3 23. Rxh3 Bxh3 $19) 22... Be6 (22... Qh5 $17 {aiming for ...Ka7.} 23. f3 Bd7) 23. Rh4 $2 (23. Bxe6 $11 Qxe6 24. Kd2 (24. Rd6 $2 Qe4 $19)) 23... Qf5 $19 24. e4 {[%emt 0:00:05] [#]} Qg5 (24... Qf3 $1 $19 {[%cal Oc8c2] ( -> ...Rc2!)} 25. Kd2 Bxd5 26. exd5 {[#]} Rc2+ $3 27. Kxc2 Qxe2+ 28. Kc1 Qxf1+ 29. Kd2 Qb1) 25. Bxe6 $4 (25. f4 $18 {was the only winning move.} Qxh4 26. Bxh4 Nxd5 27. exd5 Bxd5 28. Kd2) 25... Qa5+ 26. Kd1 Rd8+ 27. Bd5 Nxd5 $40 {[%emt 0:00:09][%mdl 128] Black attacks with force.} 28. exd5 Rxd5+ 29. Nd4 $2 (29. Rd4 Rxd4+ 30. Nxd4) 29... Qxa2 {[%emt 0:00:42] The board is on fire.} 30. Re1 $2 {[%emt 0:00:05] [#]} (30. f3 {was forced.} Qxb3+ 31. Ke2 Qb2+ 32. Ke3) 30... Rxd4+ $1 {[%emt 0:00:30][%mdl 576] Decoy} 31. Rxd4 Qa1+ {[%emt 0:00:01][%mdl 64] Skewer, Double Attack} ({Don't play} 31... Qxb3+ 32. Ke2 Qb2+ 33. Rd2 Qb5+ 34. Kf3 Qc6+ 35. Re4 $18) 32. Kc2 Qxd4 {[%emt 0:00:02][%mdl 4096] Endgame KQ-KRB} 33. Re3 Ka7 34. h4 f5 {[%emt 0:00:03] Hoping for ...f4.} 35. Rd3 {[%emt 0:00:05] Against f4} Qe4 {[%emt 0:00:23] And now ...f4 would win.} 36. f4 Qg2+ 37. Kc3 (37. Kd1 $142) 37... Ka6 {[%emt 0:00:09] Black is clearly winning.} 38. Kc4 (38. Be1 $142 Qh1 39. Re3) 38... b6 39. Kd4 Kb5 40. Kc3 Kc5 41. Re3 b5 {[%emt 0:00:07] Threatens to win with ...b4+.} 42. Re5+ Kc6 43. Re3 h6 44. Rd3 Kc5 45. b4+ Kc6 46. Re3 Qa2 47. Rd3 Qc4+ 48. Kd2 Qxb4+ 49. Ke3 Qe4+ 50. Kd2 b4 {[%emt 0:00:02] Weighted Error Value: White=1.04/Black=0.56} (50... Qg2+ $142 51. Ke1 b4) 0-1

[Event "Romanian Rapid Open 2022"]
[Site "Sebes"]
[Date "2022.12.02"]
[Round "6.3"]
[White "Dragomirescu, Angela"]
[Black "Ardelean, George-Catalin"]
[Result "1/2-1/2"]
[ECO "A07"]
[WhiteElo "2104"]
[BlackElo "2473"]
[Annotator "TA"]
[PlyCount "86"]
[EventDate "2022.12.02"]
[EventType "rapid"]
[EventCountry "ROU"]
[SourceTitle "playchess.com"]
[Source "ChessBase"]
[SourceQuality "1"]
[TimeControl "600+5"]

1. Nf3 d5 2. g3 Nc6 3. Bg2 e5 4. d3 Be6 5. c3 h6 6. Nbd2 {[%emt 0:00:59] A07: Réti Opening: New York and Capablanca Systems.} Nf6 7. O-O Qd7 8. b4 {[%emt 0:00:15] The position is equal.} Bd6 9. e4 dxe4 {[%emt 0:00:21] [#]} 10. dxe4 $146 ({Predecessor:} 10. Nxe4 Nxe4 11. dxe4 O-O-O 12. Qa4 Kb8 13. b5 Ne7 14. Rd1 f6 15. Be3 Nc8 16. c4 {0-1 (49) Piskunov,A (2174)-Egitov,A (2021) Berdsk 2010}) 10... O-O 11. Bb2 a5 12. a3 Ne7 13. Qe2 Ng6 14. Nc4 axb4 (14... Qb5 $5 15. Nfd2 $8 axb4 16. cxb4 (16. axb4 c5 $11) 16... Rfd8 $11) 15. cxb4 Qb5 16. Rfc1 Rfe8 17. Qc2 Bxc4 18. Qxc4 Qxc4 19. Rxc4 Nd7 20. h4 Nb6 21. Rc2 Na4 22. Bf1 Nxb2 23. Rxb2 Red8 24. a4 Ne7 25. b5 {[%emt 0:00:59] Prevents Nc6.} b6 26. Bc4 Kf8 27. Kf1 Bc5 28. Rd2 Rxd2 29. Nxd2 Rd8 30. Nb3 {[%emt 0:00:02] [#] Threatens to win with Nxc5.} Bb4 31. Ke2 Ng8 32. Bd5 Nf6 33. Bc6 Ke7 34. Rc1 Rd6 35. Rc4 Ba5 36. Rc1 (36. Nxa5 $14 bxa5 37. f4) 36... h5 (36... Bb4 $11) 37. Bb7 Kd8 38. Bc6 Ke7 $1 39. Bb7 {[%emt 0:00:02] [#] Strongly threatening f4.} Kd8 $1 40. Bc6 (40. Ba8 $14) 40... Bb4 ({Black should try} 40... Ke7 $1 $11) 41. Rc4 Ba3 42. a5 bxa5 43. Nxa5 {[%emt 0:00:01] Hoping for Ra4.} Ke7 {[%emt 0:00:10] Weighted Error Value: White=0.14 (very precise) /Black=0.11 (very precise)} (43... Rd4 $1 $14) 1/2-1/2

[Event "Romanian Rapid Open 2022"]
[Site "Sebes"]
[Date "2022.12.02"]
[Round "6.4"]
[White "Itkis, Boris"]
[Black "Nevednichy, Vladislav"]
[Result "0-1"]
[ECO "E14"]
[WhiteElo "2343"]
[BlackElo "2499"]
[Annotator "TA"]
[PlyCount "42"]
[EventDate "2022.12.02"]
[EventType "rapid"]
[EventCountry "ROU"]
[SourceTitle "playchess.com"]
[Source "ChessBase"]
[SourceQuality "1"]
[TimeControl "600+5"]

1. d4 Nf6 2. c4 e6 3. Nf3 d5 4. Nc3 Nbd7 5. e3 a6 6. b3 b6 7. Bb2 Bb7 8. Bd3 Bd6 9. O-O O-O 10. Rc1 Qe7 11. Na4 dxc4 12. bxc4 c5 {[%emt 0:00:02] E14: Queen's Indian: Classical Variation (4 e3).} 13. Ne5 cxd4 14. exd4 Rfd8 {[%emt 0:00:06][%cal Ob6b5] The position is equal.} 15. Qe2 b5 16. cxb5 axb5 17. Bxb5 Nd5 {[%emt 0:00:30] [#] White must now prevent ...Bxe5.} 18. Nxd7 $146 (18. g3 $11) ({Predecessor:} 18. g3 Nxe5 19. dxe5 Bb4 20. a3 Bxa3 21. Bxa3 Qxa3 22. Nc5 Rab8 23. Nxb7 Rxb7 24. Rfd1 {½-½ (24) Loeschnauer,R (2465)-Mauro,L (2412) ICCF email 2018}) 18... Nf4 $19 {[%emt 0:00:29][%mdl 64] [#] Discovered Attack, Double Attack. Black is clearly winning.} 19. Qc2 Bxg2 {[%emt 0:00:22] ( -> ...Qg5)} 20. f3 Qg5 21. Kf2 Qxb5 {[%emt 0:00:19] White did not feel at home in the position after the opening.   Weighted Error Value: White=1.23/Black=0.01 (flawless)} 0-1

[Event "Romanian Rapid Open 2022"]
[Site "Sebes"]
[Date "2022.12.02"]
[Round "6.5"]
[White "Ghimpu, Samuel-Timotei"]
[Black "Manea, Alexandru"]
[Result "0-1"]
[ECO "B04"]
[WhiteElo "2455"]
[BlackElo "2339"]
[Annotator "TA"]
[PlyCount "96"]
[EventDate "2022.12.02"]
[EventType "rapid"]
[EventCountry "ROU"]
[SourceTitle "playchess.com"]
[Source "ChessBase"]
[SourceQuality "1"]
[TimeControl "600+5"]

1. e4 Nf6 2. e5 Nd5 3. d4 d6 4. Nf3 dxe5 5. Nxe5 c6 6. Be2 Bf5 {[%emt 0:00:02] B04: Alekhine's Defence: 4 Nf3.} 7. O-O Nd7 8. Nf3 e6 {[%emt 0:00:00] White is slightly better.} 9. c4 N5f6 10. Nc3 Ne4 11. Re1 Be7 {[%emt 0:00:00] [#]} 12. Bf1 $146 ({Predecessor:} 12. Bf4 O-O 13. Qb3 Qb6 14. Bd3 Bd6 15. Bxe4 Bxf4 16. Bxf5 exf5 17. Qc2 g6 18. Re7 {½-½ (36) Szulc,S (2110)-Rosabal Perea,R (2128) ICCF email 2020}) 12... Nxc3 13. bxc3 O-O 14. a4 Qc7 15. h3 Rfe8 16. a5 b6 17. Qa4 Rab8 18. Be3 h6 {[%emt 0:00:00] Prevents d5.} 19. axb6 (19. d5 {with more complications.} c5 20. Qc6 Qd6 21. g3) 19... axb6 20. Qa7 Rb7 21. Qa6 Reb8 22. Red1 Bd6 23. Qa2 Bf4 24. Qd2 Bxe3 25. Qxe3 Bc2 {[%emt 0:00:00] Inhibits d5.} 26. Rd2 Bg6 27. Ne5 Nxe5 28. dxe5 Rd8 29. Rad1 Rxd2 30. Rxd2 c5 31. Rd6 Qe7 32. Qd2 Qg5 33. f4 (33. Rd8+ $11 Kh7 34. Qxg5 hxg5 35. Rd6) 33... Qg3 $15 34. Rd8+ Kh7 {[%emt 0:00:00] Black is more active.} 35. Ra8 {[%emt 0:00:03] Inhibits Ra7.} ({Don't play} 35. Bd3 Ra7 36. Bxg6+ fxg6 $19) 35... Be4 {[%emt 0:00:00][%cal Ob7d7] And now ...Rd7! would win.} (35... Bf5 {simplifies} 36. Ra2 Bxh3 37. Qf2 Qxf2+ 38. Kxf2 Bg4) 36. Rf8 $2 (36. Ra1 $15) 36... Ra7 $19 37. Qf2 Qxc3 38. Kh2 Rd7 {[%emt 0:00:00] [#] White must now prevent ...Rd2.} 39. Rb8 (39. h4 $142) 39... Qd4 $2 (39... Rd2 $19 {has better winning chances.} 40. Qg3 Qc1) 40. Qg3 (40. Qxd4 $17 Rxd4 41. Rxb6) 40... Qd1 41. Kg1 Bd3 {[%emt 0:00:00] Prevents f5.} (41... Qc1 $142 42. Qf2 Rd2 43. Qxd2 Qxd2) 42. Qf2 Qc1 43. f5 exf5 (43... Qxc4 $2 {perishes.} 44. Rxb6 Bxf1 45. fxe6 fxe6 46. Qxf1 Qd4+ 47. Kh1 $19) (43... Bxf1 $142 44. Qxf1 Rd1 45. Qxd1 Qxd1+ 46. Kh2 Qd4) 44. Rxb6 f4 $2 ({Inferior is} 44... Bxc4 45. Qxf5+ g6 46. Qxd7 $11) (44... Rd4 $19 45. Rd6 Rf4 46. Qxf4 Qxf4 47. Bxd3 f6) 45. Rb8 $2 (45. Rd6 $11 Bf5 46. Rxd7 Bxd7 47. Qxc5) 45... Bxf1 46. Kh2 {[%emt 0:00:05] [#]} Bxc4 (46... Bxg2 $142 $1 47. Rb1 (47. Kxg2 Rd2) 47... Qxb1 48. Qxg2 Qe1 49. Qc2+ g6 50. Kg2 Rd2+ 51. Qxd2 Qxd2+ 52. Kf3 Qe3+ 53. Kg2 Qe2+ 54. Kh1 f3 55. h4 Qg2#) 47. Qf3 Rd1 48. Qe4+ g6 {[%emt 0:00:01] Weighted Error Value: White=1.07/Black=0.67} 0-1

[Event "Romanian Rapid Open 2022"]
[Site "Sebes"]
[Date "2022.12.02"]
[Round "6.6"]
[White "Stoleriu, George"]
[Black "Ciorgovean, Iustin"]
[Result "1-0"]
[ECO "A06"]
[WhiteElo "2389"]
[BlackElo "2319"]
[Annotator "TA"]
[PlyCount "129"]
[EventDate "2022.12.02"]
[EventType "rapid"]
[EventCountry "ROU"]
[SourceTitle "playchess.com"]
[Source "ChessBase"]
[SourceQuality "1"]
[TimeControl "600+5"]

1. Nf3 d5 2. b3 c5 3. Bb2 f6 4. d3 e5 5. Nbd2 Ne7 6. g3 {[%emt 0:00:20] A06: Réti Opening: 1 Nf3 d5.} Be6 7. Bg2 Qd7 {[%emt 0:00:17] [#]} 8. c4 $146 {[%emt 0:00:43] Black is slightly better.} ({Predecessor:} 8. e3 Nec6 9. a3 Na6 10. O-O Bh3 11. Nxe5 fxe5 12. Qh5+ g6 13. Qxh3 O-O-O 14. Qxd7+ Kxd7 15. Bxd5 Bd6 16. Nc4 Nc7 17. Bxc6+ Kxc6 18. Bxe5 Bxe5 19. Nxe5+ {1-0 (19) Ivanov,V (2007)-Burdukov,A (1884) Petrozavodsk 2011}) 8... d4 9. Ne4 Nec6 10. O-O Be7 11. e3 O-O 12. Qe2 (12. exd4 $15 exd4 13. Ne1) 12... a5 ({Better is} 12... Bg4 $17) 13. exd4 cxd4 14. a3 Na6 15. Rab1 Rab8 16. Rfc1 Rfc8 17. Ne1 b6 18. Nc2 Nc5 19. b4 Na4 20. b5 Nd8 21. Rf1 (21. Re1 $15) 21... Nb7 22. Ba1 Bg4 {[%emt 0:02:04] Inhibits f4.} 23. f3 Bh5 24. Nf2 Re8 25. Bh3 (25. g4 $11 Bf7 26. f4) 25... Qd8 26. Be6+ Kh8 $1 (26... Bf7 27. Bxf7+ Kxf7 28. f4 $14) 27. Bd5 Nbc5 28. g4 $1 Bg6 29. Bc6 (29. f4 $1 $11 {keeps the balance.} Rf8 30. Ne1 (30. fxe5 fxe5 31. Qxe5 Bf6 $15)) 29... Rf8 $17 30. f4 Bd6 (30... exf4 31. Nxd4 (31. Bxd4 Bd6 $15) 31... Bd6 32. Nf3 $16) 31. f5 Be8 32. Bg2 Bd7 33. Ne1 Qe7 34. Nc2 ({White should play} 34. Nh1) 34... Bc8 (34... g6 $142 $1 35. fxg6 hxg6) 35. Rfe1 Qc7 (35... Nc3 $6 36. Bxc3 dxc3 37. d4 $11) 36. Qf1 (36. Nh1 $17) 36... Bb7 (36... g6 $1 $19 37. fxg6 hxg6) 37. Bxb7 Qxb7 38. Qg2 (38. Nh1 $17) 38... g6 $19 39. fxg6 hxg6 (39... Qxg2+ $19 {has better winning chances.} 40. Kxg2 hxg6) 40. Qh3+ (40. Qg3 $17) 40... Kg7 $2 (40... Qh7 $19 {And now ...Qxh3 would win.} 41. Qxh7+ Kxh7) 41. g5 $1 $11 {[%emt 0:00:06][%cal Oc2d4] Strongly threatening Nxd4!} Qf7 $2 {[%emt 0:00:38][%mdl 8192] [#]} (41... fxg5 42. Nxd4 (42. Ng4 Rf4 $11) 42... Rxf2 43. Kxf2 $16) (41... Rh8 $1 $15 {stays ahead.} 42. gxf6+ Kf7) 42. Qh6+ $2 (42. Ng4 $6 Rh8 43. Qg3 (43. gxf6+ Qxf6 $18) 43... Rbd8 $18) (42. Nxd4 $1 $18 exd4 43. gxf6+ (43. Bxd4 Nd7 $18) 43... Qxf6 44. Ng4) 42... Kg8 $15 43. Ng4 fxg5 (43... Nxd3 $2 44. Nxf6+ $18) (43... Qh7 $11 {and Black stays safe.}) 44. Qxg5 $18 {[%emt 0:00:06] Dancing on a razor blade.} Qg7 {[%emt 0:00:07] [#]} 45. Nxe5 (45. Nxd4 $1 $16 {[%cal Oe1e3][%mdl 512] is necessary to keep the advantage. aiming for Re3!} Nxd3 46. Ne6 Nxe1 47. Rxe1 (47. Nxg7 $2 Nf3+ 48. Kg2 Nxg5 $19) (47. Nh6+ $2 Kh7 $19) 47... Bc5+ 48. Nxc5 Nxc5 49. Bxe5 (49. Rxe5 Nd3 $16)) 45... Rf5 $19 46. Qg2 Bxe5 47. Rxe5 Rxe5 48. Bxd4 {[%emt 0:00:01] [#]} Rbe8 49. Bxe5 $17 Qxe5 (49... Rxe5 $6 50. d4 Nc3 51. Rf1 $11) 50. d4 (50. Qxg6+ $17 Qg7 51. Qxg7+ Kxg7 52. Re1) 50... Qe2 $4 (50... Qe4 $19 51. dxc5 Qxg2+ 52. Kxg2 Re2+ 53. Kf3 Rxc2) 51. Qxg6+ $18 (51. dxc5 $2 Qxg2+ 52. Kxg2 Re2+ 53. Kf3 Rxc2 $19) 51... Kh8 52. Qh6+ (52. dxc5 $2 Rg8 $19) 52... Kg8 {[%emt 0:00:01] Threatens to win with ...Qg4+.} 53. Qg6+ Kh8 54. Qh6+ $2 (54. dxc5 $2 {perishes.} Rg8 $19) (54. Qf6+ Kh7 55. Qh4+ Kg6 56. Qg3+ (56. Re1 Re4 $16) 56... Kh7 57. Re1) 54... Kg8 {[%emt 0:00:00] [#]} 55. Qg6+ (55. Qg5+ $142 $1 Kh8 56. Re1 Qxe1+ 57. Nxe1) 55... Kh8 {[%emt 0:00:00] [#]} 56. Re1 $2 (56. dxc5 $2 {too greedy.} Rg8 $19) (56. Qf6+ $1 $18 Kh7 57. Qh4+ Kg6 58. Qg3+ (58. Re1 Re4 $16) 58... Kh7 59. Qh3+ Kg7 60. Re1 Qxc2 61. Qg3+ Qg6 62. Rxe8 Qxg3+ 63. hxg3) 56... Qxe1+ $4 (56... Re6 $14 57. Qf5 Qxc4 58. dxc5 Qxc5+ 59. Qxc5 Rg6+ 60. Kf2 Nxc5 61. Re8+ Kg7) 57. Nxe1 {[%emt 0:00:01] White is clearly winning.} Rg8 58. Qxg8+ Kxg8 59. dxc5 Nxc5 {[%emt 0:00:00][%mdl 4096] Endgame KN-KN} 60. Kf2 {[%emt 0:00:01] Ke3 is the strong threat.} Kf7 61. Ke3 {[%emt 0:00:02] Hoping for Nd3.} Kf6 62. Nd3 {[%emt 0:00:00] White wants to mate with Nxc5.} Na4 63. Kd2 Kf5 64. Kc2 Ke4 65. h4 {[%emt 0:00:03] Never resign too early!   Weighted Error Value: White=0.83/Black=0.73} 1-0

[Event "Romanian Rapid Open 2022"]
[Site "Sebes"]
[Date "2022.12.02"]
[Round "6.7"]
[White "Craciun, Sasha-Matei"]
[Black "Soltanici, Ruslan"]
[Result "1/2-1/2"]
[ECO "B98"]
[WhiteElo "2001"]
[BlackElo "2357"]
[Annotator "TA"]
[PlyCount "106"]
[EventDate "2022.12.02"]
[EventType "rapid"]
[EventCountry "ROU"]
[SourceTitle "playchess.com"]
[Source "ChessBase"]
[SourceQuality "1"]
[TimeControl "600+5"]

1. e4 c5 2. Nf3 d6 3. d4 cxd4 4. Nxd4 Nf6 5. Nc3 a6 6. Bg5 e6 7. f4 Be7 8. Qf3 h6 9. Bxf6 Bxf6 10. O-O-O Qb6 $1 {[%emt 0:00:02] The main line 10...Qb6 scores better than 10...Qc7.} 11. Nb3 Qc7 {[%emt 0:00:29] B98: Sicilian Najdorf: 6 Bg5 e6 7 f4 Be7, sidelines.} 12. h4 Nd7 13. g4 Bxc3 $1 {[%emt 0:00:51] Black is slightly better.} 14. bxc3 Nb6 (14... b5 {with more complications.} 15. Qd3 Ke7 16. Rh3 e5) 15. f5 Bd7 {[%emt 0:03:35][%cal Bc8d7,Bd7c6,Bc6e4][%mdl 32] [#]} (15... Na4 {is interesting.} 16. Rh3 Bd7 17. Qd3 h5) 16. Qg3 $146 ({Predecessor:} 16. Bg2 O-O-O 17. Rhe1 Kb8 18. Qg3 e5 19. Re3 Na4 20. Bf1 Rc8 21. Kd2 Rhd8 22. Rb1 {0-1 (30) Szabo,A (2283)-Soltanici,R (2367) Baia Sprie 2011}) 16... e5 17. Qd3 Bc6 {[%emt 0:01:00] next ...d5 is good for Black.} 18. Qxd6 Qxd6 19. Rxd6 Ke7 20. Rd2 Bxe4 21. Rh3 f6 22. Nc5 Bc6 23. Rg3 Rad8 24. Rxd8 Rxd8 25. g5 hxg5 26. hxg5 fxg5 27. Rxg5 Kf7 (27... Kf6 $5 28. Rxg7 Kxg7 29. Ne6+ Kf6 30. Nxd8 Bh1 $15) 28. Rg6 Rh8 {[%emt 0:00:28] [#] Strongly threatening ...Rh1.} 29. Bxa6 $1 bxa6 (29... Rh1+ {is more complex.} 30. Kd2 Rh2+ 31. Ke1 Rh1+) 30. Rxc6 $11 {[%emt 0:00:01][%mdl 4096] Endgame KRN-KRN} Nc4 (30... Rh1+ $11 31. Kd2 Rh2+ 32. Ke3 Rh3+ 33. Ke4 Rh4+ 34. Kxe5 Nc4+ 35. Kd5 Ne3+ 36. Kd6 (36. Ke5 Nc4+ 37. Kd5 Ne3+ 38. Kd6 Nxf5+ 39. Ke5 Rh5 $16) 36... Nxf5+ 37. Ke5 Rh5) 31. Kd1 (31. Rxa6 $2 Rh1#) (31. Rc7+ $16 Kg8 32. Rc8+ (32. Nxa6 $2 Rh1#) 32... Kh7 33. Rxh8+ Kxh8 34. Nxa6) 31... Rd8+ {[%emt 0:00:05] [#]} (31... Ne3+ $11 {remains equal.} 32. Kd2 Nxf5) 32. Ke1 (32. Ke2 $1 $16) 32... Ne3 $14 33. Rxa6 Nxf5 34. a4 Ne3 (34... Rc8 $11 35. Ne4 Rc4 36. Ng5+ Ke7) 35. a5 Rc8 36. Ne4 {[%emt 0:00:00] And now Nd6+ would win.} Nxc2+ $2 (36... Nc4 $14) 37. Ke2 $2 (37. Kd2 $18 {is the precise move to win. Nd6+ would kill now.} Rg8 38. Ng5+ Ke7 39. Re6+ Kd7 40. Kxc2) 37... Rc4 $2 (37... Ke7 $16 38. Rg6 Ra8) 38. Kd3 (38. Nd6+ $142 Ke6 39. Nxc4+ Kd5 40. Nd2 e4 41. Rg6 Ke5 42. a6 Kf5 43. Rxg7) 38... Ra4 $18 39. Kxc2 $2 (39. Ng5+ $18 Ke8 40. Kxc2) 39... Rxe4 {[%emt 0:00:01] KR-KR. The position is equal.} 40. Kb3 {[%emt 0:00:00] Threatens to win with Ra8.} Re1 41. Kc4 e4 42. Rc6 g5 43. a6 Ra1 44. Kd4 Ra4+ 45. c4 Ke7 46. Kxe4 g4 47. Kd5 {[%emt 0:00:00] Black must now prevent Rg6.} g3 48. Rg6 (48. Re6+ {feels hotter.} Kf7 49. Re3 g2 50. Rg3) 48... g2 $1 49. Rxg2 Rxa6 50. Kc5 Kd8 51. Kb5 Rh6 52. c5 Kc8 53. c6 {[%emt 0:00:00] White threatens Kb6 and mate.} Rh1 {[%emt 0:00:02] Weighted Error Value: White=0.33/Black=0.30} 1/2-1/2